 Dungeon Crawl Stone Soup version 0.29.1-1-gd02db6906a (webtiles) character file.

Game seed: 13466518439631760921

32 mopl the Poker (level 3, -1/28 HPs)
             Began as a Palentonga Gladiator on Oct 19, 2022.
             Frozen to death by an endoplasm (2 damage)
             ... on level 2 of the Dungeon.
             The game lasted 00:01:06 (1010 turns).

mopl the Poker (Palentonga Gladiator)               Turns: 1010, Time: 00:01:06

Health: -1/28      AC:  6    Str: 21    XL:     3   Next: 8%
Magic:  3/3        EV:  9    Int:  8    God:
Gold:   36         SH:  0    Dex: 11    Spells: 2/2 levels left

rFire   . . .      SeeInvis +   a - +0 trident
rCold   . . .      Faith    .   (no shield)
rNeg    . . .      Spirit   .   h - +0 ring mail
rPois   .          Reflect  .   c - +0 helmet
rElec   .          Harm     .   (no cloak)
rCorr   .          Rampage  .   (no gloves)
Will    .....                   (no barding)
Stlth   +.........              (no amulet)
HPRegen 0.09/turn               (no ring)
MPRegen 0.08/turn               (no ring)

@: no status effects
A: large, rugged brown scales 3, see invisible, deformed body, roll 1, armoured
tail
a: Rolling Charge


You were on level 2 of the Dungeon.
You visited 1 branch of the dungeon, and saw 2 of its levels.

You collected 36 gold pieces.

Inventory:

Hand Weapons
 a - a +0 trident (weapon)
Missiles
 d - 3 throwing nets (quivered)
 e - a javelin
Armour
 c - a +0 helmet (worn)
 h - a +0 ring mail (worn)
Scrolls
 f - a scroll of vulnerability {unknown}
 g - a scroll of silence {unknown}
 i - 2 scrolls of teleportation {unknown}
 j - a scroll of blinking {unknown}
Potions
 b - a potion of might {unknown}


   Skills:
 + Level 2.3 Fighting
 * Level 3.1 Polearms
 + Level 1.6 Throwing
 + Level 0.6 Armour
 + Level 2.6 Dodging


You had 2 spell levels left.
You didn't know any spells.
Your spell library contained the following spells:

 Spells                   Type           Power      Damage    Failure   Level
 Apportation              Tloc           0%         N/A       58%         1
 Alistair's Intoxication  Tmut/Pois      0%         N/A       100%        5


Dungeon Overview and Level Annotations

Branches:
Dungeon (2/15)

Altars:
Jiyva


Innate Abilities, Weirdness & Mutations

You are completely covered in rugged brown scales. (AC +3, +7% HP)
You have supernaturally acute eyesight. (SInv)
Armour fits poorly on your strangely shaped body.
You can roll at nearby foes to attack.
You have a long armoured tail.


Message History

You are too injured to fight recklessly!
You are too injured to fight recklessly!
You are too injured to fight recklessly!
You are too injured to fight recklessly!
You are too injured to fight recklessly!
You are too injured to fight recklessly!
You are too injured to fight recklessly!
You are too injured to fight recklessly!
You are too injured to fight recklessly!
You are too injured to fight recklessly!
Unknown command.
You closely miss Natasha.
Your tail-slap misses Natasha.
Natasha is heavily wounded.
The endoplasm closely misses you. x2
Natasha casts a spell.
Unknown command.
You barely miss Natasha.
Natasha is heavily wounded.
The endoplasm barely misses you. The endoplasm freezes you.
You are frozen.
Natasha zaps a wand.
The puff of flame hits you.
* * * LOW HITPOINT WARNING * * *
Unknown command.
You hit Natasha.
Natasha is severely wounded.
The endoplasm freezes you.
You are frozen.
* * * LOW HITPOINT WARNING * * *
The endoplasm freezes you.
You are frozen.
* * * LOW HITPOINT WARNING * * *
Natasha barely misses you.
You puncture Natasha!
You kill Natasha!
Natasha growls in agony!
The crimson imp disappears in a puff of smoke!
The endoplasm closely misses you. The endoplasm freezes you.
You are frozen.
You die...

#.##.####### .. #.#..#
# ...# ##.#### # ..#.
.#####...## ...
.......#..# . #..
#####...##
...##.##...##.##
.....§J.....#..##
.....)g@....'...#
......J.....###.#
#...?.......# #.#
#...........# #.#
#.#...........#.####
#....?........#.....##
##..##...............#
##. ................#
#.......# #


You could see 2 endoplasms and a hobgoblin.

Vanquished Creatures
  Natasha (D:2)
  A gnoll (D:1)
  A dart slug (D:1)
  3 bats (D:1)
  4 endoplasms (D:1)
  A goblin (D:1)
  3 hobgoblins
  A kobold (D:2)
  2 quokkas (D:1)
  3 ball pythons (D:1)
  A frilled lizard (D:1)
21 creatures vanquished.

Vanquished Creatures (others)
  A plant (D:1)
1 creature vanquished.

Grand Total: 22 creatures vanquished

Notes
Turn   | Place    | Note
-------+----------+-------------------------------------------
     0 | D:1      | mopl the Palentonga Gladiator began the quest for the Orb.
     0 | D:1      | Reached XP level 1. HP: 17/17 MP: 1/1
    30 | D:1      | You fall into a shaft and drop 1 floor!
   182 | D:1      | Reached XP level 2. HP: 19/23 MP: 2/2
   268 | D:1      | Reached skill level 3 in Polearms
   608 | D:1      | Reached XP level 3. HP: 28/28 MP: 3/3
   634 | D:1      | Found a faded altar of an unknown god.
   641 | D:1      | Prayed at the altar of an unknown god.
   641 | D:1      | Became a worshipper of Jiyva Jungedgh the Shapeless
   641 | D:1      | Reached * piety under Jiyva
   642 | D:1      | Fell from the grace of Jiyva
  1000 | D:2      | Noticed Natasha
  1009 | D:2      | HP: 1/28 [frozen (2)]
  1010 | D:2      | Killed Natasha
  1010 | D:2      | Frozen to death by an endoplasm

Illustrated notes

Levels and vault maps discovered:
D:1:      saegor_arrival_simple_a, layout_loops_ring,
          shapermc_ecumenical_altar_acropolis
D:2:      minmay_general_purpose_star, layout_basic, basic_altar,
          minmay_misc_feat_tower, supply_closet_lemuel, uniq_natasha

Skill      XL: |  1  2 |
---------------+-------+-----
Polearms       | 3 |  3.1
Fighting       | |  2.3
Throwing       | |  1.6
Armour         | |  0.6
Dodging        | |  2.6

Action                   || total
-------------------------++-------
Melee: Trident           ||    55
       Tailslap          ||     8
       Punch             ||     1
Invok: Renounce Religion ||     1
Armor: Ring mail         ||    14
Dodge: Dodged            ||    14
